 Dungeon Crawl Stone Soup version 0.17.0-28-g6e173f8 (webtiles) character file.

99 PossumBlood the Conjurer (level 4, -5/24 HPs)
             Began as a Deep Elf Conjurer on Nov 25, 2015.
             Killed from afar by PossumBlood's ghost (8 damage)
             ... with a magic dart
             ... on level 4 of the Dungeon.
             The game lasted 00:09:38 (2616 turns).

PossumBlood the Conjurer (Deep Elf Conjurer)        Turns: 2616, Time: 00:09:39

Health: -5/24      AC:  5    Str:  5      XL:     4   Next: 45%
Magic:  3/10       EV: 13    Int: 18 (21) God:
Gold:   134        SH:  0    Dex: 15      Spells: 1 memorised, 8 levels left

rFire  . . .     SeeInvis .     i - +1 dagger
rCold  . . .     Clarity  .     a - +0 robe
rNeg   . . .     SustAt   .     (no shield)
rPois  .         Gourm    .     (no helmet)
rElec  .         Spirit   .     l - +0 cloak
rCorr  .         Warding  .     g - +1 pair of gloves
rMut   .         Stasis   .     (no boots)
MR     .....                    (no amulet)
Stlth  ++........               (no ring)
                                (no ring)

@: not resistant to hostile enchantments, unstealthy
A: no striking features
a: no special abilities


You were on level 4 of the Dungeon.
You were not hungry.

You visited 1 branch of the dungeon, and saw 4 of its levels.

You collected 134 gold pieces.

Inventory:

Hand Weapons
 h - a +0 whip
 i - a +1 dagger (weapon)
Armour
 a - a +0 robe (worn)
 g - a +1 pair of gloves (worn)
 l - a +0 cloak (worn)
Scrolls
 d - 3 scrolls of enchant weapon
 j - 2 scrolls of remove curse
 k - 4 scrolls of identify
 q - a scroll of noise
 s - a scroll of magic mapping
Books
 b - a book of Conjurations

   Spells                             Type                      Level
   a - Magic Dart                     Conjuration                  1
   b - Searing Ray                    Conjuration                  2
   c - Dazzling Spray                 Conjuration/Hexes            3
   d - Fulminant Prism                Conjuration/Hexes            4
   e - Iskenderun's Mystic Blast      Conjuration                  4
   f - Iskenderun's Battlesphere      Conjuration/Charms           5
 t - a book of Power

   Spells                             Type                      Level
   a - Fulminant Prism                Conjuration/Hexes            4
   b - Iskenderun's Mystic Blast      Conjuration                  4
   c - Venom Bolt                     Conjuration/Poison           5
   d - Bolt of Magma                  Conjuration/Fire/Earth       5
   e - Iron Shot                      Conjuration/Earth            6
   f - Orb of Destruction             Conjuration                  7
   g - Spellforged Servitor           Conjuration/Summoning        7
 v - a book of Alchemy

   Spells                             Type                      Level
   a - Sublimation of Blood           Necromancy                   2
   b - Ignite Poison                  Fire/Transmutation/Poison    3
   c - Alistair's Intoxication        Transmutation/Poison         4
   d - Condensation Shield            Ice                          4
   e - Petrify                        Transmutation/Earth          4
   f - Irradiate                      Conjuration/Transmutation    5
Comestibles
 c - 2 meat rations
 p - a beef jerky
 u - 3 fruits


   Skills:
 - Level 2.4 Dodging
 - Level 2.4 Stealth
 - Level 3.0 Spellcasting
 + Level 6.5 Conjurations


You had 8 spell levels left.
You knew the following spells:

 Your Spells              Type           Power        Failure   Level  Hunger
a - Magic Dart            Conj           ####         1%          1    None


Dungeon Overview and Level Annotations

Branches:
Dungeon (4/15)
 Temple: D:4-7

Altars:
Dithmenos

Annotations:
D:4 PossumBlood's ghost, amateur DECj


Message History

PossumBlood's ghost is moderately damaged.
PossumBlood's ghost casts a spell at you.
The magic dart hits you!
Casting: Magic Dart
Confirm with . or Enter, or press ? or * to list all spells.
Aiming: Magic Dart
Press: ? - help, Shift-Dir - straight line, f/p - PossumBlood's ghost
Aim: PossumBlood's ghost, wielding a weapon of electrocution (moderately damaged)
The magic dart hits PossumBlood's ghost.
PossumBlood's ghost is heavily damaged.
PossumBlood's ghost gestures at you while chanting.
The magic dart hits you!
* * * LOW HITPOINT WARNING * * *
You aren't carrying any potions.
Read which item? (? for menu, Esc to quit)
Okay, then.
Found 15 gold pieces.
PossumBlood's ghost gestures at you while chanting.
The magic dart hits you!
You die...

#.. ... ###.##
..... ##. #...
.%.. ###..#
.....
##....##......
#...W.@.#
#...<.#....#
#.....#.......
#..........$#.
#.....##......
#.....# ......
##...## #....#
##... ###..
#.##


You could see PossumBlood's ghost.

Vanquished Creatures
  An adder (D:3)
  2 oozes
  6 worms (D:3)
  2 giant geckos (D:2)
  2 orcs (D:3)
  A ball python (D:2)
  8 bats
  A giant cockroach (D:1)
  9 hobgoblins
  4 jackals (D:1)
  2 quokkas (D:3)
  2 giant newts
  9 goblins
  3 kobolds
  6 rats
58 creatures vanquished.

Notes
Turn   | Place    | Note
--------------------------------------------------------------
     0 | D:1      | PossumBlood the Deep Elf Conjurer began the quest for the Orb.
     0 | D:1      | Reached XP level 1. HP: 10/10 MP: 6/6
   336 | D:1      | Reached XP level 2. HP: 15/15 MP: 4/8
   349 | D:1      | Reached skill level 5 in Conjurations
   878 | D:2      | Reached XP level 3. HP: 19/19 MP: 3/9
  1176 | D:2      | Found a shadowy altar of Dithmenos.
  1630 | D:3      | Reached skill level 6 in Conjurations
  1866 | D:3      | Reached XP level 4. HP: 24/24 MP: 8/10
  2606 | D:4      | Noticed PossumBlood's ghost (amateur DECj)
  2616 | D:4      | Killed from afar by PossumBlood's ghost

Action                   |  1- 3 |  4- 6 || total
-------------------------+-------+-------++-------
 Cast: Magic Dart        |    89 |    41 ||   130
  Use: Scroll            |       |     7 ||     7
       Potion            |       |     4 ||     4
  Eat: Bread ration      |     1 |       ||     1
       Fruit             |       |     1 ||     1
